 Dungeon Crawl Stone Soup version 0.17-a0-435-gc4df345 (webtiles) character file.

1306 Ladykiller69 the Cleaver (level 8, -2/60 HPs)
             Began as a Formicid Fighter on Apr 2, 2015.
             Was an Initiate of Cheibriados.
             Slain by a skeletal warrior
             ... wielding a +0 broad axe
              (10 damage)
             ... on level 14 of the Dungeon on Apr 4, 2015.
             The game lasted 00:31:00 (5359 turns).

Ladykiller69 the Cleaver (Formicid Fighter)         Turns: 5359, Time: 00:31:00

Health: -2/60      AC:  7    Str: 25    XL:     8   Next: 88%
Magic:  6/8        EV:  9    Int:  8    God:    Cheibriados [......]
Gold:   271        SH: 11    Dex: 11    Spells: 0 memorised, 7 levels left

rFire  + . .     SeeInvis +     a - +0 war axe
rCold  . . .     Clarity  .     b - +0 scale mail
rNeg   . . .     SustAb   .     c - +0 shield
rPois  .         Gourm    .     (helmet unavailable)
rElec  .         Spirit   .     (no cloak)
rCorr  .         Warding  .     (no gloves)
rMut   .         Stasis   +     (no boots)
MR     .....                    (no amulet)
Stlth  +.........               n - ring of stealth
                                v - ring of protection from fire

@: very slow, not resistant to hostile enchantments, very unstealthy
A: permanent stasis, dig shafts and tunnels, four strong arms, antennae 3
a: Dig, Shaft Self, Bend Time, Renounce Religion


You were on level 14 of the Dungeon.
You worshipped Cheibriados.
Cheibriados was noncommittal.
You were near starving.

You visited 2 branches of the dungeon, and saw 10 of its levels.

You collected 271 gold pieces.

Inventory:

Hand weapons
 a - a +0 war axe (weapon)
Missiles
 B - 2 tomahawks (quivered)
Armour
 b - a +0 scale mail (worn)
 c - a +0 shield (worn)
Jewellery
 n - a ring of stealth (right hand)
 v - a ring of protection from fire (left hand)
Magical devices
 m - a wand of confusion (3)
 x - a wand of polymorph (18)
 A - a wand of digging (2)
Scrolls
 f - 2 scrolls of immolation {unknown}
 j - 6 scrolls of remove curse
 l - 5 scrolls of identify {unknown}
 o - a scroll of enchant armour {unknown}
 q - a scroll of recharging {unknown}
 r - 3 scrolls of amnesia {unknown}
 s - 5 scrolls of teleportation {unknown}
 u - 2 scrolls of enchant weapon {unknown}
Potions
 g - 2 potions of haste
 i - 2 potions of restore abilities
 t - a potion of flight {unknown}
 w - a potion of poison
 C - a potion of mutation {unknown}
 E - a potion of curing
Comestibles
 d - 3 bread rations
 h - 6 beef jerkies
 k - 4 meat rations
 z - a royal jelly
 D - a chunk of flesh


   Skills:
 - Level 4.0 Fighting
 * Level 8.3 Axes
 - Level 4.0 Armour
 + Level 7.4 Shields


You had 7 spell levels left.
You didn't know any spells.

Dungeon Overview and Level Annotations

Branches:
Dungeon (14/15)            Temple (1/1) D:6
   Lair: D:8-11         Orc: D:9-12      Vaults: D:13-14

Altars:
Cheibriados
Dithmenos
Elyvilon
Fedhas
Gozag
Makhleb
Nemelex Xobeh
Qazlal
Ru
Sif Muna
Xom
Yredelemnul

Annotations:
D:4 Grinder, Menkaure
D:6 Pikel; stickyfingers's ghost, experienced OpTm


Innate Abilities, Weirdness & Mutations

You are under a permanent stasis effect.
You can dig through walls and to a lower floor.
Your four strong arms can wield two-handed weapons with a shield.
You have a pair of large antennae on your head (SInv).


Message History

You block the orc's attack. The orc barely misses you.
The orc priest hits you but does no damage.
Use which ability? (? or * to list) Are you sure you want to shaft yourself?
You feel quite a bit more hungry. The orc warrior barely misses you.
You block the orc's attack. The orc hits you but does no damage.
You begin to dig a shaft.
You continue digging a shaft.
You block the orc priest's attack. You block the orc warrior's attack.
The orc barely misses you. The orc hits you but does no damage.
A shaft appears beneath you!
You fall through a shaft for 3 floors!
The shaft crumbles and collapses. 5 skeletal warriors come into view.
Found an orange potion.
Found a stone staircase leading up.
Use which ability? (? or * to list) Are you sure you want to shaft yourself?
You are near starving!
You begin to dig a shaft.
You continue digging a shaft.
The skeletal warrior hits you with a broad axe!
You die...

###########
.............
...............
...............
...............
#...............#
#...z.zz@.......#
#...z........<...
.z....!.......#
.###########..#
.#


You could see 5 skeletal warriors.

Vanquished Creatures
  Eustachio (D:3)
  A phantom (D:4)
  Duvessa (D:4)
  A slave (D:6)
  A black bear (D:6)
  A centaur (D:6)
  2 giant frogs
  Dowan (D:4)
  A scorpion (D:5)
  A hound (D:5)
  3 orc priests
  2 crimson imps
  A giant frog skeleton (D:5)
  An orc wizard (D:4)
  3 worker ants
  Natasha (thrice) (D:4)
  12 adders
  2 worms
  3 giant geckos
  9 orcs
  A ball python (D:2)
  9 bats
  A bat zombie (D:5)
  19 goblins
  7 hobgoblins
  A quokka (D:4)
  6 giant cockroaches
  7 giant newts
  14 kobolds
  10 rats
125 creatures vanquished.

Notes
Turn   | Place    | Note
--------------------------------------------------------------
     0 | D:1      | Ladykiller69, the Formicid Fighter, began the quest for the Orb.
     0 | D:1      | Reached XP level 1. HP: 18/18 MP: 1/1
   246 | D:1      | Reached XP level 2. HP: 21/24 MP: 2/2
   529 | D:2      | Reached skill level 4 in Shields
   529 | D:2      | Reached XP level 3. HP: 22/30 MP: 3/3
   617 | D:2      | Reached XP level 4. HP: 14/37 MP: 4/4
   916 | D:2      | Found an opulent altar of Gozag.
  1542 | D:2      | Reached XP level 5. HP: 32/42 MP: 5/5
  2511 | D:3      | Reached XP level 6. HP: 29/48 MP: 6/6
  2987 | D:4      | Noticed Eustachio
  3076 | D:3      | Reached skill level 5 in Shields
  3093 | D:3      | Killed Eustachio
  3093 | D:3      | Reached skill level 5 in Axes
  3093 | D:3      | Reached XP level 7. HP: 43/54 MP: 7/7
  3429 | D:4      | Noticed Dowan
  3430 | D:4      | Noticed Duvessa
  3449 | D:4      | Killed Duvessa
  3449 | D:4      | Reached skill level 6 in Axes
  3468 | D:4      | Killed Dowan
  3666 | D:4      | Upgraded the game from 0.17-a0-377-gdd46233 to 0.17-a0-435-gc4df345
  3737 | D:4      | Reached XP level 8. HP: 45/60 MP: 8/8
  3926 | D:4      | Noticed Natasha
  3933 | D:4      | Killed Natasha
  3968 | D:4      | Noticed Natasha
  3976 | D:4      | Killed Natasha
  3994 | D:4      | Noticed Menkaure
  4192 | D:4      | Noticed Grinder
  4200 | D:5      | Entered Level 5 of the Dungeon
  4220 | D:5      | Reached skill level 7 in Axes
  4243 | D:4      | Noticed Natasha
  4248 | D:4      | Killed Natasha
  4388 | D:5      | Found a shimmering altar of Xom.
  4475 | D:5      | Found a blossoming altar of Fedhas.
  4477 | D:5      | Found a stormy altar of Qazlal.
  4654 | D:5      | Found a white marble altar of Elyvilon.
  4836 | D:6      | Noticed stickyfingers's ghost (experienced OpTm)
  4859 | D:6      | Found a staircase to the Ecumenical Temple.
  4879 | Temple   | Entered the Ecumenical Temple
  4939 | Temple   | Became a worshipper of Cheibriados the Contemplative
  4999 | D:6      | Reached skill level 8 in Axes
  5283 | D:6      | Noticed Pikel
  5348 | D:6      | You fall through a shaft for 3 floors!
  5351 | D:9      | You fall through a shaft for 2 floors!
  5357 | D:11     | You fall through a shaft for 3 floors!
  5357 | D:14     | Noticed a skeletal warrior
  5357 | D:14     | Noticed a skeletal warrior
  5357 | D:14     | Noticed a skeletal warrior
  5357 | D:14     | Noticed a skeletal warrior
  5357 | D:14     | Noticed a skeletal warrior
  5359 | D:14     | Slain by a skeletal warrior

Action                   |  1- 3 |  4- 6 |  7- 9 || total
-------------------------+-------+-------+-------++-------
Melee: War axe           |    71 |   273 |   232 ||   576
Invok: Bend Time         |       |       |     1 ||     1
 Abil: Dig               |       |     6 |     8 ||    14
       Shaft Self        |       |       |     4 ||     4
  Use: Potion            |       |       |     9 ||     9
       Scroll            |       |       |     1 ||     1
  Eat: Chunk             |       |     9 |     8 ||    17
